 Dungeon Crawl Stone Soup version 0.18-a0-49-gd105b5a (webtiles) character file.

5798 Duffy the Nimble (level 10, -1/55 HPs)
             Began as a Spriggan Enchanter on Nov 6, 2015.
             Was a Follower of Cheibriados.
             Slain by an orc warrior
             ... wielding a +0 war axe
              (11 damage)
             ... in a bailey.
             The game lasted 00:20:12 (11448 turns).

Duffy the Nimble (Spriggan Enchanter)              Turns: 11448, Time: 00:20:12

Health: -1/55      AC:  7    Str:  7    XL:     10   Next: 50%
Magic:  6/21       EV: 29    Int: 19    God:    Cheibriados [*.....]
Gold:   220        SH:  0    Dex: 21    Spells: 5 memorised, 11 levels left

rFire  . . .     SeeInvis +     k - +2 rapier (venom)
rCold  . . .     Clarity  .     b - +2 robe
rNeg   . . .     SustAt   .     (shield restricted)
rPois  +         Gourm    .     (helmet restricted)
rElec  .         Spirit   .     y - +2 cloak {rPois}
rCorr  .         Warding  .     (gloves unavailable)
rMut   .         Stasis   .     (boots unavailable)
MR     +....                    (no amulet)
Stlth  +++++.....               J - +3 ring of slaying
                                A - ring of poison resistance

@: somewhat resistant to hostile enchantments, quite stealthy
A: unfitting armour, see invisible, herbivore 3, speed 3, slow metabolism 2
a: Bend Time, Renounce Religion


You were in a bailey.
You worshipped Cheibriados.
Cheibriados was aware of your devotion.
You were not hungry.

You visited 2 branches of the dungeon, and saw 10 of its levels.
You also visited: Bailey.

You collected 467 gold pieces.
You spent 247 gold pieces at shops.


Innate Abilities, Weirdness & Mutations

You are tiny and cannot use many weapons and most armour.
You have supernaturally acute eyesight.
You are a herbivore.
You cover ground extremely quickly.
You need consume almost no food.


   Skills:
 + Level 7.4 Fighting
 - Level 4.8 Short Blades
 - Level 10.5 Dodging
 - Level 10.0 Stealth
 + Level 7.2 Spellcasting
 - Level 8.0 Hexes


You had 11 spell levels left.
You knew the following spells:

 Your Spells              Type           Power        Failure   Level  Hunger
a - Ensorcelled Hibernat  Hex/Ice        ###...       3%          2    None
c - Confuse               Hex            #####...     1%          3    #......
d - Dazzling Spray        Conj/Hex       ###.....     8%          3    #......
r - Corona                Hex            #####..      1%          1    None
t - Tukima's Dance        Hex            #####...     1%          3    #......

Inventory:

Hand Weapons
 a - a +1 dagger
 k - a +2 rapier of venom (weapon)
Missiles
 e - 10 poisoned needles
 h - 279 stones (quivered)
 F - a throwing net
Armour
 b - a +2 robe (worn)
 g - a +0 robe
 s - a +0 buckler
 y - a +2 cloak of poison resistance (worn)
Jewellery
 A - a ring of poison resistance (left hand)
 J - a +3 ring of slaying (right hand)
Wands
 f - a wand of draining (8)
 v - a wand of flame (48)
 H - a wand of magic darts (26)
Scrolls
 i - 2 scrolls of amnesia
 p - 2 scrolls of magic mapping
 r - 2 scrolls of remove curse
 t - 2 scrolls of enchant weapon
 w - 2 scrolls of enchant armour
 x - 2 scrolls of recharging
 C - a scroll of acquirement {unknown}
 D - 2 scrolls of teleportation {unknown}
 I - a scroll of immolation {unknown}
 K - a scroll of random uselessness {unknown}
Potions
 j - 2 potions of resistance
 l - 2 potions of cancellation {unknown}
 m - 6 potions of curing
 n - a potion of might
 o - 4 potions of heal wounds
 q - a potion of flight {unknown}
 u - 2 potions of cure mutation {unknown}
 B - a potion of lignification {unknown}
 E - a potion of agility {unknown}
 G - a potion of invisibility {unknown}
 L - 2 potions of magic {unknown}
Books
 c - a book of Maledictions
 z - a book of Changes
Comestibles
 d - 5 bread rations

Dungeon Overview and Level Annotations

Branches:
Dungeon (9/15)             Temple (1/1) D:4
   Lair: D:8-11         Orc: D:9-12

Altars:
Ashenzari
Cheibriados
Dithmenos
Elyvilon
Fedhas
Gozag
Kikubaaqudgha
Makhleb
Nemelex Xobeh
Okawaru
Qazlal
Ru
Sif Muna
Trog
Vehumet
Xom
Yredelemnul
Zin
The Shining One

Shops:
D:5 !


Message History

The orc warlord easily resists.
Cast which spell? (? or * to list)
Aiming: Confuse
Press: ? - help, Shift-Dir - straight line, f/p - orc warlord
Aim: an orc warlord, wearing a plate armour (heavily wounded, chance to defeat MR: 30%)
The orc warlord easily resists.
Cast which spell? (? or * to list)
Aiming: Confuse
Press: ? - help, Shift-Dir - straight line, f/p - orc warlord
Aim: an orc warlord, wearing a plate armour (heavily wounded, chance to defeat MR: 30%)
The orc warlord easily resists.
There is an open door, spattered with blood here.
Items here: ))))))) [[[[[[[ ÷÷÷
There is a fountain of clear blue water here.
Cast which spell? (? or * to list)
Aiming: Confuse
Press: ? - help, Shift-Dir - straight line, f/p - orc warlord
Aim: an orc warlord, wearing a plate armour (heavily wounded, chance to defeat MR: 30%)
The orc warlord easily resists.
The orc warlord misses you.
There is an open door, spattered with blood here.
Items here: ))))) [[[[[ ÷÷÷ Drink which item? (? for menu, Esc to quit)
Okay, then.
The orc warlord hits you!!
Cast which spell? (? or * to list)
Aiming: Confuse
Press: ? - help, Shift-Dir - straight line, f/p - orc warlord
Aim: an orc warlord, wearing a plate armour (moderately wounded, chance to defeat MR: 30%)
The orc warlord easily resists.
The orc warrior shouts!
The hobgoblin shouts!
You hear a shout!
There is an open door here.
The orc warlord roars a battlecry!
The orc warrior goes into a battle-frenzy!
The orc warrior hits you with a war axe!
You die...

##.!∩!!## #?!...??#
##.......## #.........#
##.........##
#######..g..⌠..g..#######
##.....##o.g......##.....#
#.......o@........o.......
##.......##....g..##.......
#.........#.......#........
##.........##88.88##.g......
#.....⌠.....###'###.....⌠...
#.........###g..###.oo.....
#.........#.ggg...#........
##.......##..o.o..##....)..
#..)....#....go...#.......


You could see an orc warlord, an orc warrior (frenzied), a gnoll, 2 hobgoblins
and a goblin.

Action                   |  1- 3 |  4- 6 |  7- 9 | 10-12 || total
-------------------------+-------+-------+-------+-------++-------
Melee: Dagger            |   115 |       |       |       ||   115
       Rapier            |    42 |    49 |   372 |   248 ||   711
Throw: Stone             |       |       |     2 |       ||     2
 Cast: Confuse           |       |     5 |    10 |    18 ||    33
       Ensorcelled Hiber |       |       |    32 |    34 ||    66
       Tukima's Dance    |       |       |       |     1 ||     1
  Use: Scroll            |       |       |     8 |       ||     8
 Stab: Sleeping          |     3 |     4 |    45 |    21 ||    73
       Confused          |       |     2 |    10 |     8 ||    20
       Distracted        |       |       |     2 |     2 ||     4
  Eat: Bread ration      |       |       |     1 |     1 ||     2
       Fruit             |       |       |     2 |       ||     2
       Pizza             |       |       |       |     1 ||     1

Notes
Turn   | Place    | Note
--------------------------------------------------------------
     0 | D:1      | Duffy the Spriggan Enchanter began the quest for the Orb.
     0 | D:1      | Reached XP level 1. HP: 9/9 MP: 5/5
   550 | D:1      | Reached skill level 5 in Stealth
   761 | D:1      | Reached XP level 2. HP: 11/13 MP: 6/6
   765 | D:1      | Learned a level 2 spell: Ensorcelled Hibernation
  1313 | D:1      | Reached skill level 2 in Short Blades
  2031 | D:2      | You fall through a shaft for 2 floors!
  2044 | D:4      | Reached XP level 3. HP: 14/16 MP: 8/8
  2086 | D:4      | Learned a level 3 spell: Confuse
  2110 | D:4      | Reached skill level 6 in Stealth
  2146 | D:4      | Reached skill level 3 in Short Blades
  2146 | D:4      | Reached XP level 4. HP: 14/21 MP: 9/9
  2245 | D:4      | Noticed Grinder
  2272 | D:4      | Killed Grinder
  2272 | D:4      | Reached skill level 4 in Short Blades
  2272 | D:4      | Reached skill level 8 in Stealth
  2272 | D:4      | Reached XP level 5. HP: 22/24 MP: 4/10
  2272 | D:4      | Reached XP level 6. HP: 25/28 MP: 4/11
  2331 | D:4      | Learned a level 3 spell: Tukima's Dance
  2367 | D:4      | Found a staircase to the Ecumenical Temple.
  2372 | D:4      | You fall through a shaft for 3 floors!
  2372 | D:7      | Noticed SlimeFever's ghost (novice DrAE)
  2449 | D:6      | Found a shimmering altar of Xom.
  2457 | D:6      | Found a shadowy altar of Dithmenos.
  2481 | D:6      | Reached skill level 4 in Hexes
  2557 | D:6      | Reached skill level 9 in Stealth
  2743 | D:5      | Entered Level 5 of the Dungeon
  2976 | D:5      | Found Giostret's Distillery.
  2983 | D:5      | Bought a potion of heal wounds for 65 gold pieces
  2983 | D:5      | Bought a potion of poison for 13 gold pieces
  3033 | D:5      | Reached XP level 7. HP: 32/32 MP: 12/12
  3072 | D:4      | Reached skill level 3 in Spellcasting
  3072 | D:4      | Reached skill level 5 in Hexes
  4294 | D:2      | Found a faded altar to an unknown god.
  4335 | D:2      | Reached skill level 4 in Spellcasting
  4595 | D:3      | Noticed Natasha
  4599 | D:3      | Killed Natasha
  5144 | D:4      | Reached skill level 6 in Hexes
  5150 | D:4      | Reached skill level 5 in Spellcasting
  5720 | D:4      | Found a deep blue altar of Sif Muna.
  5723 | D:4      | Found a glowing golden altar of the Shining One.
  5726 | D:4      | Found a snail-covered altar of Cheibriados.
  5730 | D:4      | Became a worshipper of Cheibriados the Contemplative
  5790 | Temple   | Entered the Ecumenical Temple
  6028 | D:4      | Reached XP level 8. HP: 20/36 MP: 7/17
  6429 | D:3      | Noticed Natasha
  6436 | D:3      | Killed Natasha
  6582 | D:4      | Reached skill level 6 in Spellcasting
  6582 | D:4      | Reached skill level 7 in Hexes
  6731 | D:4      | Reached skill level 1 in Fighting
  7069 | D:5      | Reached skill level 2 in Fighting
  7082 | D:5      | Reached skill level 8 in Hexes
  7161 | D:5      | Learned a level 3 spell: Dazzling Spray
  7445 | D:5      | Reached skill level 3 in Fighting
  7445 | D:5      | Reached skill level 4 in Dodging
  7649 | D:6      | Reached skill level 5 in Dodging
  7726 | D:6      | Reached XP level 9. HP: 42/45 MP: 12/19
  7835 | D:6      | Reached * piety under Cheibriados
  7858 | D:6      | Reached skill level 6 in Dodging
  8024 | D:6      | Reached skill level 4 in Fighting
  8319 | D:5      | Bought a potion of curing for 39 gold pieces
  8319 | D:5      | Bought 2 potions of heal wounds for 130 gold pieces
  8461 | D:7      | Reached skill level 7 in Dodging
  8674 | D:7      | Found a radiant altar of Vehumet.
  8674 | D:7      | Found a shattered altar of Ashenzari.
  8674 | D:7      | Found a glowing silver altar of Zin.
  8674 | D:7      | Found a burning altar of Makhleb.
  8797 | D:7      | Found a blossoming altar of Fedhas.
  8798 | D:7      | Found a basalt altar of Yredelemnul.
  9081 | D:7      | Killed SlimeFever's ghost
  9081 | D:7      | Reached skill level 5 in Fighting
  9081 | D:7      | Reached skill level 9 in Dodging
  9239 | D:7      | Noticed Pikel
  9240 | D:7      | Found a blossoming altar of Fedhas.
  9247 | D:7      | Killed Pikel
  9247 | D:7      | Reached skill level 6 in Fighting
  9247 | D:7      | Reached skill level 10 in Dodging
  9330 | D:7      | Found a stormy altar of Qazlal.
  9487 | D:8      | Reached XP level 10. HP: 53/53 MP: 20/20
 10232 | D:8      | Reached skill level 10 in Stealth
 10430 | D:9      | Found a flagged portal.
 10564 | D:8      | Reached skill level 7 in Fighting
 10690 | Bailey   | Entered a bailey
 11235 | Bailey   | Reached skill level 7 in Spellcasting
 11374 | Bailey   | Noticed an orc warlord
 11448 | Bailey   | Slain by an orc warrior

Vault maps used:
D:1:      scummos_arrival_star, kennysheep_small_spiral, minivault_11
D:2:      ecumenical_altar_1, first_bread
D:3:      uniq_natasha
D:4:      grunt_temple_overflow_diamond, minmay_temple_entry_statues_pillars,
          serial_undead, serial_undead_d, serial_undead_d, serial_undead_f,
          serial_undead_d, serial_undead_c, serial_undead_e, serial_undead_f,
          uniq_grinder
D:5:      serial_shops, shop
D:6:      nicolae_dithmenos_shadow_blocks, xom_teletrap_fun
D:7:      minmay_overflow_temple_hex, grunt_qazlal_clouds, the_bakery,
          fedhas_altar_1, uniq_pikel
D:9:      enter_bailey_2, uniq_gastronok
Temple:   minmay_temple_bridge_d_8
Bailey:   bailey_axe_minmay_hex_keep, bailey

Vanquished Creatures
  A dancing weapon
  The ghost of SlimeFever the Zephyrmancer, a novice DrAE of Vehumet Pikel Grinder
  A spriggan
  A hungry ghost
  2 ice beasts
  A black bear
  A sky beast
  3 ogres
  2 phantoms
  2 centaurs
  10 orc warriors
  A water moccasin zombie
  2 giant frogs
  A wyvern zombie
  8 wights
  A scorpion
  5 crimson imps
  2 giant frog zombies
  A quasit
  3 centaur zombies
  7 hounds
  5 orc priests
  A centaur skeleton
  2 jellies
  4 giant frog skeletons
  6 orc wizards
  Natasha (twice)
  3 iguanas
  7 worker ants
  3 hound zombies
  2 hound skeletons
  5 worker ant zombies
  7 adders
  17 gnolls
  An adder zombie
  An ooze
  6 adder skeletons
  3 worms
  2 giant geckos
  36 orcs
  2 ball pythons
  7 bats
  2 giant cockroaches
  19 hobgoblins
  3 jackals
  8 kobolds
  A ball python skeleton
  A giant gecko zombie
  5 giant newts
  19 goblins
  2 jackal zombies
  6 quokkas
  2 quokka skeletons
  10 rats
258 creatures vanquished.
